 Dungeon Crawl Stone Soup version 0.30-a0-469-g84de5afbc5 (webtiles) character file.

Game seed: 8865219045182808034

23 Sabo the Covered (level 2, -3/26 HPs)
             Began as an Armataur Fighter on Dec 19, 2022.
             Slain by a gnoll
             ... wielding a +0 halberd
              (14 damage)
             ... on level 1 of the Dungeon.
             The game lasted 00:04:10 (751 turns).

Sabo the Covered (Armataur Fighter)                  Turns: 751, Time: 00:04:10

Health: -3/26      AC:  7    Str: 21    XL:     2   Next: 72%
Magic:  2/2        EV:  7    Int:  8    God:
Gold:   23         SH:  9    Dex:  9    Spells: 1/1 levels left

rFire   . . .      SeeInvis .    a - +0 long sword
rCold   . . .      Faith    .    c - +0 buckler
rNeg    . . .      Spirit   .    b - +0 scale mail
rPois   .          Reflect  +    (no helmet)
rElec   .          Harm     .    (no cloak)
rCorr   .          Roll     +    (no gloves)
Will    .....                    (no barding)
Stlth   ..........               h - amulet of reflection
HPRegen 0.24/turn                (no ring)
MPRegen 0.08/turn                (no ring)

@: no status effects
A: large, rugged brown scales 3, deformed body, armoured tail, roll, long
tongue, awkward tongue
a: no special abilities


You were on level 1 of the Dungeon.
You visited 1 branch of the dungeon, and saw 2 of its levels.

You collected 23 gold pieces.

Inventory:

Hand Weapons
 a - a +0 long sword (weapon)
Armour
 b - a +0 scale mail (worn)
 c - a +0 buckler (worn)
Jewellery
 h - an amulet of reflection (around neck)
Scrolls
 g - a scroll of fear {unknown}
Potions
 d - a potion of might
 e - a potion of resistance {unknown}
 f - a potion of heal wounds {unknown}


   Skills:
 + Level 2.8 Fighting
 + Level 2.2 Long Blades
 + Level 4.0 Armour
 + Level 3.6 Shields


You had one spell level left.
You didn't know any spells.
Your spell library contained the following spells:

 Spells                   Type           Power      Damage    Failure   Level
 Summon Small Mammal      Summ           0%         N/A       80%         1
 Call Canine Familiar     Summ           0%         N/A       99%         3
 Summon Guardian Golem    Hex/Summ       0%         N/A       99%         3


Dungeon Overview and Level Annotations

Branches:
Dungeon (2/15)

Altars:


Innate Abilities, Weirdness & Mutations

You are completely covered in rugged brown scales. (AC +3, +7% HP)
Armour fits poorly on your strangely shaped body.
You have a long armoured tail.
You roll when moving toward enemies. (Rampage)
Your long tongue fully drains potion bottles. (2x potion effects)
Your tongue gives you trouble enunciating. (1.5x scroll delay)


Message History

You see here a +0 dagger.
You see here a +0 dagger.
A ball python comes into view.
Found a stone staircase leading down.
The ball python hisses angrily.
You roll towards the ball python!
You barely miss the ball python. The ball python barely misses you.
You barely miss the ball python. You tail-slap the ball python.
You kill the ball python!
You see here a ball python corpse.
There is a stone staircase leading down here.
A goblin comes into view. It is wielding a +0 dagger.
The goblin shouts!
You roll towards the goblin!
You roll towards the goblin!
You block the goblin's attack.
You completely miss the goblin. You block the goblin's attack.
You hit the goblin.
You kill the goblin!
You see here a +0 dagger.
There is a stone staircase leading down here.
You climb downwards.
The gnoll shouts! x3
There is a stone staircase leading up here.
The gnoll hits you with a +0 halberd. You block the gnoll's attack.
You climb upwards.
There is a stone staircase leading down here.
You hit the gnoll.
The gnoll is moderately wounded.
The gnoll hits you with a +0 flail! You block the gnoll's attack.
The gnoll barely misses you.
You slash the gnoll!
The gnoll is almost dead.
You block the gnoll's attack. The gnoll hits you with a +0 halberd.
The gnoll barely misses you.
You closely miss the gnoll.
The gnoll is almost dead.
You block the gnoll's attack. x2; The gnoll barely misses you. x2
The gnoll hits you with a +0 halberd!
Ouch! That really hurt!
You die...

#.## #..# #.#.#.#########.#
#..###..# #.....# #.# #.......#
#.#.### #.# ##..####.# #.#.# #.#
......##.# #.#.# #.# ##..#.##.#
#.#.# #.# #..#.##.# #.#.# #.#
##..#.##.# ######.#.# #.#
.#.....#.# #...g@g..# #.#
.........# #.####g#.###### #.#
†).....### #.............# #..
..###.######.............# ###
..# #.........♣♣♣♣♣♣♣♣♣..#
†.###.#####..♣..PP..PP♣..#
......# ##.♣...P..PP♣..########
...####### ..♣P...PP..♣..........
.............♣PP...P..♣...#######


You could see 3 gnolls.

Vanquished Creatures
  2 ball pythons (D:1)
  A giant cockroach (D:1)
  3 goblins (D:1)
  3 hobgoblins (D:1)
  2 quokkas (D:1)
  2 bats (D:1)
  A frilled lizard (D:1)
  3 kobolds (D:1)
  2 rats (D:1)
19 creatures vanquished.

Notes
Turn   | Place    | Note
-------+----------+-------------------------------------------
     0 | D:1      | Sabo the Armataur Fighter began the quest for the Orb.
     0 | D:1      | Reached XP level 1. HP: 19/19 MP: 1/1
   171 | D:1      | Reached skill level 4 in Armour
   172 | D:1      | Reached XP level 2. HP: 26/26 MP: 2/2
   751 | D:1      | Slain by a gnoll

Illustrated notes

Levels and vault maps discovered:
D:1:      scummos_arrival_checkerplants, layout_loops_ring
D:2:      layout_loops_ring, shapermc_ecumenical_altar_flowoftime, basic_altar,
          nicolae_kite_square_tiling_tiny, grunt_ministairs_5,
          minmay_goblin_kobold_house, uniq_robin, uniq_natasha

Skill      XL: |  1 |
---------------+----+-----
Long Blades    | 2 |  2.2
Armour         | 4 |  4.0
Fighting       | |  2.8
Shields        | |  3.6

Action                   || total
-------------------------++-------
Melee: Long sword        ||    52
       Tailslap          ||     7
Armor: Scale mail        ||    27
Dodge: Dodged            ||    21
Block: Buckler           ||    14

Table legend: (Time is in decaauts)
 A = Elapsed time spent in this place.
 B = Non-inter-level travel time spent in this place.
 C = Inter-level travel time spent in this place.
 D = Time resting spent in this place.
 E = Time spent auto-exploring this place.
 F = Levels seen in this place.
 G = Mean time per level.
                   A        B        C        D        E       F      G
               +--------+--------+--------+--------+--------+-----+--------+
         Total |    768 |    768 |      0 |     39 |      0 |   2 |  384.0 |
       Dungeon |    768 |    768 |      0 |     39 |      0 |   2 |  384.0 |
               +--------+--------+--------+--------+--------+-----+--------+

Top non-repeatable levels by time:
     D:1: 766 daAuts
     D:2: 1 daAuts
